 Dungeon Crawl Stone Soup version 0.31.0-32-g396128a36d (webtiles) character file.

Game seed: 7246808535749504923

182 spaghetti the Sneak (level 5, -1/49 HPs)
             Began as a Naga Chaos Knight on Mar 17, 2024.
             Was a Plaything of Xom.
             Constricted to death by Ijyb (4 damage)
             ... on level 4 of the Dungeon.
             The game lasted 00:03:53 (3392 turns).

spaghetti the Sneak (Naga Chaos Knight)             Turns: 3392, Time: 00:03:54

Health: -1/49      AC:  5    Str: 15    XL:     5   Next: 62%
Magic:  0/5        EV:  6    Int: 14    God:    Xom [.*....]
Gold:   94         SH:  0    Dex: 10    Spells: 2/4 levels left

rFire   + + .        i - staff of death
rCold   + . .        (no shield)
rNeg    + . .        b - +2 leather armour
rPois   +            (helmet restricted)
rElec   +            (no cloak)
rCorr   +            (no gloves)
SInv    +            (no barding)
Will    .....        h - amulet of guardian spirit
Stlth   ++           n - ring of protection from fire
HPRegen 0.28/turn    (no ring)
MPRegen 0.09/turn

%: guardian spirit
@: short of breath, resistant, grasped by roots, constricted, very slow
A: AC +1, large, see invisible, deformed body, poison resistance, slowness 2,
spit poison 1, naga tail 1, beak, inability to read after injury 1
a: Spit Poison, Renounce Religion


You were on level 4 of the Dungeon.
You worshipped Xom.
You were a plaything of Xom.
You visited 1 branch of the dungeon, and saw 4 of its levels.

You collected 94 gold pieces.

Inventory:

Hand Weapons
 a - a +0 short sword of chaos
Armour
 b - a +2 leather armour (worn)
Magical Staves
 i - a staff of death (weapon)
Jewellery
 h - an amulet of guardian spirit (around neck)
 n - a ring of protection from fire (left hand)
Wands
 e - a wand of flame (21)
Scrolls
 c - a scroll of butterflies
 d - a scroll of teleportation
 f - a scroll of fear
 g - a scroll of torment
 k - a scroll of immolation
 l - 2 scrolls of vulnerability
 m - a scroll of noise
 o - a scroll of enchant weapon
 q - a scroll of identify
Potions
 j - a potion of enlightenment


   Skills:
 - Level 3.0 Fighting
 - Level 3.0 Short Blades
 + Level 1.7 Staves
 - Level 1.5 Armour
 - Level 0.7 Dodging
 + Level 4.8 Stealth
 + Level 1.8 Necromancy
 + Level 1.7 Air Magic
 + Level 1.7 Evocations


You had 2 spell levels left.
You knew the following spells:

 Your Spells              Type           Power      Damage    Failure   Level
a - Cigotuvi's Dreadful   Necr/Alch/Air  8%         N/A       32%         2

Your spell library contained the following spells:

 Spells                   Type           Power      Damage    Failure   Level
 Stone Arrow              Conj/Erth      0%         3d7       71%         3
 Animate Armour           Summ/Erth      0%         N/A       98%         4
 Ignite Poison            Fire/Alch      0%         N/A       98%         4
 Freezing Cloud           Conj/Ice/Air   0%         6-21      100%        5
 Lehudib's Crystal Spear  Conj/Erth      0%         10d2      100%        8


Dungeon Overview and Level Annotations

Branches:
Dungeon (4/15)
 Temple: D:4-7

Altars:
Makhleb
Uskayaw

Shops:
D:2 [

Annotations:
D:4 Ijyb


Innate Abilities, Weirdness & Mutations

Your serpentine skin is tough. (AC +1)
You have supernaturally acute eyesight. (SInv)
Armour fits poorly on your strangely shaped body.
Your system is resistant to poisons. (rPois)
You cover ground very slowly.
You can spit poison.
You have a snake-like lower body.
You have a beak for a mouth.
You occasionally lose the ability to read scrolls when taking damage.


Message History

Unknown command.
You closely miss Ijyb.
Ijyb is heavily wounded.
Ijyb hits you with a +0 dagger. The grasping roots constrict you.
You hit Ijyb.
Ijyb is severely wounded.
You have got your breath back.
Ijyb hits you with a +0 dagger. The grasping roots constrict you.
* * * LOW HITPOINT WARNING * * *
Ijyb completely misses you. The grasping roots constrict you.
* * * LOW HITPOINT WARNING * * *
As you read the scroll of fear, it crumbles to dust.
You assume a fearsome visage.
Ijyb looks frightened!
The grasping roots constrict you.
* * * LOW HITPOINT WARNING * * *
The grasping roots release their grip on you.
Aiming: Spit Poison (1% risk of failure)
Press: ? - help, Shift-Dir - straight line, f/p - Ijyb
Aim: Ijyb, wielding a +0 dagger, wearing a +4 scale mail of cold resistance and carrying a wand of roots (severely wounded, fleeing, 54% to hit)
The splash of poison hits Ijyb.
Ijyb is almost dead.
Your attack snaps Ijyb out of her fear.
Ijyb zaps a wand.
The roots erupt in riotous growth!
The grasping roots grab you! The grasping roots constrict you.
* * * LOW HITPOINT WARNING * * *
Unknown command.
Unknown command.
Okay, then.
Aiming: Throw Flame
Press: ? - help, Shift-Dir - straight line, f/p - Ijyb
Aim: Ijyb, wielding a +0 dagger, wearing a +4 scale mail of cold resistance and carrying a wand of roots (almost dead, 68% to hit)
The puff of flame misses Ijyb.
The grasping roots constrict you.
* * * LOW HITPOINT WARNING * * *
Okay, then.
You hit Ijyb but do no damage. Your peck misses Ijyb.
Ijyb is almost dead.
Ijyb hits you but does no damage. The grasping roots constrict you.
You die...
Xom bursts into laughter!

#.......##..........
#....##..#..........
###.####.##.........
#.# #.###.....#..
#.# #.# #########
#.# #.# #.# #.# #.#
#.# # #@# #.# # #g#
#.. #< #.# #.. #.#
#.# ... ... ..# ..
>.# #..#


You could see Ijyb.

Vanquished Creatures
  A bombardier beetle (D:3)
  An orc wizard (D:3)
  5 adders (D:3)
  4 dart slugs
  2 ribbon worms
  5 orcs (D:3)
  4 bats
  3 endoplasms
  3 giant cockroaches
  8 goblins
  3 hobgoblins
  7 jackals
  3 kobolds
  2 quokkas
  3 ball pythons (D:1)
  6 frilled lizards
  6 rats
66 creatures vanquished.

Notes
Turn   | Place    | Note
-------+----------+-------------------------------------------
     0 | D:1      | spaghetti the Naga Chaos Knight began the quest for the
                  | Orb.
     0 | D:1      | Reached XP level 1. HP: 21/21 MP: 1/1
    76 | D:1      | Reached skill level 1 in Stealth
   135 | D:1      | Reached skill level 2 in Stealth
   180 | D:1      | Reached XP level 2. HP: 28/28 MP: 2/2
   219 | D:1      | Reached skill level 3 in Stealth
   462 | D:1      | XOM: silly message
   566 | D:1      | Reached XP level 3. HP: 34/34 MP: 3/3
   569 | D:1      | Learned a level 2 spell: Cigotuvi's Dreadful Rot
   621 | D:1      | XOM: divination: magic mapping
   630 | D:1      | XOM: silly message
  1230 | D:2      | Found a faded altar of an unknown god.
  1523 | D:2      | Found Rutootz's Antique Armour Boutique.
  1589 | D:2      | Reached skill level 1 in Necromancy
  1596 | D:2      | XOM: divination: detect creatures
  1855 | D:3      | XOM: silly message
  1912 | D:3      | Reached XP level 4. HP: 39/42 MP: 4/4
  1940 | D:3      | XOM: silly message
  1943 | D:3      | Reached skill level 1 in Staves
  1943 | D:3      | Reached skill level 4 in Stealth
  1957 | D:3      | Reached skill level 1 in Evocations
  2065 | D:3      | Reached skill level 1 in Air Magic
  2099 | D:3      | XOM is BORED!
  2099 | D:3      | XOM: 1-stop teleportation journey
  2108 | D:3      | Found a hide-covered altar of Uskayaw.
  2108 | D:3      | Noticed a +0 dagger
  2108 | D:3      | Noticed a +0 hand axe
  2302 | D:3      | Gained mutation: You have a beak for a mouth. [potion of
                  | mutation]
  2302 | D:3      | Gained mutation: You have an increased reservoir of magic.
                  | (+10% MP) [potion of mutation]
  2325 | D:3      | Reached XP level 5. HP: 29/49 MP: 2/5
  2347 | D:3      | XOM: silly message
  2497 | D:3      | XOM: noise
  2546 | D:3      | XOM: 1-stop teleportation journey
  2580 | D:3      | XOM: cloud trail
  2633 | D:3      | XOM: divination: detect items
  2868 | D:3      | XOM: noise
  2963 | D:3      | XOM: noise
  2975 | D:3      | XOM: give mutations
  2975 | D:3      | Gained mutation: You occasionally lose the ability to read
                  | scrolls when taking damage. [Xom's mischief]
  2975 | D:3      | Lost mutation: You have an increased reservoir of magic.
                  | (+10% MP) [Xom's mischief]
  3023 | D:3      | Found a burning altar of Makhleb.
  3380 | D:4      | Noticed Ijyb
  3392 | D:4      | Constricted to death by Ijyb

Illustrated notes

Levels and vault maps discovered:
D:1:      dpeg_arrival_more_subterranean_lakeside_camping, layout_basic,
          hangedman_glass_teeth, minmay_misc_feat_enclosed
D:2:      layout_basic, shapermc_ecumenical_altar_mp_urbaneastern, serial_shops,
          nicolae_shop_peninsula
D:3:      layout_basic, dancing_weapons_uskayaw, lightli_temple_of_fire,
          minmay_pentangle
D:4:      layout_rooms, dreamdust_wishing_well, uniq_ijyb, uniq_robin

Skill      XL: |  1  2  3  4 |
---------------+-------------+-----
Stealth        | 2 3 4 |  4.8
Necromancy     | 1 |  1.8
Staves         | 1 |  1.7
Evocations     | 1 |  1.7
Air Magic      | 1 |  1.7
Fighting       | |  3.0
Short Blades   | |  3.0
Armour         | |  1.5
Dodging        | |  0.7

Action                     |  1- 3 |  4- 6 || total
---------------------------+-------+-------++-------
  Melee: Short sword       |    34 |       ||    34
         Staff             |   143 |   149 ||   292
         Punch             |     2 |     1 ||     3
         Peck              |       |    19 ||    19
Ability: Spit Poison       |       |    10 ||    10
  Evoke: Wand              |       |     2 ||     2
    Use: Scroll            |     4 |     4 ||     8
         Potion            |       |     6 ||     6
   Stab: Sleeping          |     5 |     2 ||     7
         Distracted        |     1 |       ||     1
 Armour: Leather armour    |   139 |   100 ||   239
  Dodge: Dodged            |    79 |    70 ||   149
